Unix NetHack Version 5.0.0-0 post-release - last build May 17 2026 04:57:42 (dc50c8380fa5e20985bfe3072449f57b8d9895ef,branch:main).

Game began 2026-05-20 16:32:55, ended 2026-05-20 17:20:26.

Brudee, lawful female human Monk

                               --
                               .---
                               ...
                              ...-.
                          ----....-
                          -.......--
             | ----        ........|
             |..G<--     --.......
             ----..----  |......0
              |.......----.......-
             --.(.G@...|[[.)0  ..|
             |.....|...........-
             |..|.----......----
             ------  ---.----
                       ---
Brudee the Novice               St:17 Dx:17 Co:16 In:9 Wi:15 Ch:8  Lawful S:1837
Dlvl:7  $:233 HP:0(39) Pw:25(25) AC:4  Xp:5/311 T:1465 

Latest messages:
 You kill the gnome!
 You see here 10 rocks.
 You kill the newt!
 The rothe hits!
 The rothe misses!
 The rothe bites!
 You kill the rothe!
 You see here a rothe corpse.
 You hear crashing rock.
 You see here a glass orb.
 You see here a glass orb.
 You descend the stairs.
 You kill the gnome!
 You see here a towel.
 The gnome hits!
 You kill the gnome!
 Azu of Akhaiulai wields a curved sword!
 You hit the dwarf!
 You kill the dwarf!
 $ - 18 gold pieces (233 in total).
 W - a potion of healing.
 X - a long sword.
 You hit Azu of Akhaiulai!
 You hit Azu of Akhaiulai!
 You hit Azu of Akhaiulai!
 You kill Azu of Akhaiulai!
 You hit the gnome lord!
 You hit the gnome lord!
 The gnome lord hits!
 You kill the gnome lord!
 You kill the gnome!
 You see here 11 darts.
 The gnome king wields a crossbow!
 The gnome king wields a thonged club!
 The gnome king secures the tether on the thonged club.
 The gnome king swings his thonged club.
 The gnome king hits!
 You hit the gnome king!
 You hit the gnome king!
 The gnome king swings his thonged club.
 The gnome king hits!
 The gnome lord hurls a bubbly potion!
 The bottle crashes on your head and breaks into shards.
 The bubbly potion evaporates.
 Something seems to be holding you.
 The gnome king swings his thonged club.
 The gnome king hits!
 You die...
 Do you want your possessions identified? [ynq] (y) y
 Do you want to see your attributes? [ynq] (y) q

Inventory:
 Coins    ('$')
  $ - 233 gold pieces
 Weapons  (')')
  t - 11 +0 ya
  X - a +0 long sword
 Armor    ('[')
  V - a cursed +0 pair of gauntlets of power
  a - a blessed +2 pair of leather gloves (being worn)
  b - an uncursed +1 robe (being worn)
 Comestibles  ('%')
  f - 6 uncursed apples
  e - 5 uncursed food rations
  h - 3 uncursed fortune cookies
  g - 7 uncursed oranges
  D - an uncursed tin of candied kobold meat
  k - an uncursed lichen corpse
 Potions  ('!')
  S - an uncursed potion of full healing
  W - an uncursed potion of healing
  T - a cursed potion of healing
  z - an uncursed potion of speed
 Rings    ('=')
  R - an uncursed ring of invisibility
  Q - an uncursed ring of slow digestion
 Wands    ('/')
  C - a cursed wand of teleportation (0:4)
 Tools    ('(')
  i - an uncursed oilskin sack containing 11 items
  x - an uncursed blindfold
  m - a cursed figurine of a cockatrice
  U - a +0 pick-axe
 Gems/Stones  ('*')
  r - 2 uncursed aquamarine stones
  O - 3 uncursed worthless pieces of white glass

Contents of the oilskin sack:
  a cursed scroll of blank paper
  an uncursed scroll of enchant weapon
  an uncursed scroll of food detection
  2 uncursed scrolls of light
  an uncursed scroll of magic mapping
  a blessed spellbook of confuse monster
  an uncursed spellbook of confuse monster
  an uncursed spellbook of cure blindness
  a blessed spellbook of dig
  an uncursed spellbook of magic missile
  2 potions of holy water

Brudee the Monk's attributes:

Background:
 You were a Novice, a level 5 female human Monk.
 You were lawful, on a mission for Shan Lai Ching
 who was opposed by Chih Sung-tzu (neutral) and Huan Ti (chaotic).
 You were right-handed.
 You were in the Gnomish Mines, on level 7.
 You entered the dungeon 1465 turns ago.
 You had 311 experience points, 9 more were needed to attain level 6.
 Your score was 1837 before end-of-game adjustments.

Basics:
 You had 0 out of 39 hit points.
 You had all 25 energy points (spell power).
 Your armor class was 4.
 Your wallet contained 233 zorkmids.
 Autopickup was on for '$!=+?/"' plus thrown.

Final Characteristics:
 Your strength was 17 (limit:18/100).
 Your dexterity was 17 (limit:18).
 Your constitution was 16 (limit:18).
 Your intelligence was 9 (limit:18).
 Your wisdom was 15 (limit:18).
 Your charisma was 8 (limit:18).

Final Status:
 You weren't hungry.
 You were unencumbered.
 You were empty handed.
 You had basic skill with martial arts.

Final Attributes:
 You were devoutly aligned.
 You were sleep resistant.
 You were poison resistant.
 You saw invisible.
 You were stealthy.
 You were guarded.
 Your spell casting was enhanced by wearing a robe.
 You were fast.
 You are dead.

Miscellaneous:
 You didn't encounter any bones levels.
 Total elapsed playing time was 24 minutes and 23 seconds.

Major events:
 Turn
    1: Brudee the lawful female human Monk entered the dungeon
  692: stole 3784 zorkmids worth of merchandise from Chibougamau's general store
  755: entered the Gnomish Mines
  774: attained the rank of Novice (level 3)
  847: reached Mine Town
 1465: killed by a gnome king, while frozen by a potion

Spells:
 Name                 Level Category     Fail Retention
 confuse monster        1   enchantment    0%  76%-100%
 dig                    5   matter        88%  76%-100%

Skills:
 Fighting Skills
   martial arts       [Basic]
 Weapon Skills
   quarterstaff       [Unskilled]
   spear              [Unskilled]
   crossbow           [Unskilled]
   shuriken           [Unskilled]
 Spellcasting Skills
   attack spells      [Unskilled]
   healing spells     [Basic]
   divination spells  [Unskilled]
   enchantment spells [Unskilled]
   clerical spells    [Unskilled]
   escape spells      [Unskilled]
   matter spells      [Unskilled]

Voluntary challenges:
 Character rerolling was not enabled.
 You followed a strict vegan diet.
 You never hit with a wielded weapon.
 You never genocided any monsters.
 You never polymorphed an object.
 You never changed form.
 You used no wishes.
Achievements:
 You entered a shop.
 You entered the Gnomish Mines.
 You attained the rank of Novice.
 You entered Minetown.

 The Dungeons of Doom: levels 1 to 2
    Level 1:
       Many altars, a fountain.
    Level 2:
       A general store, a fountain.
       Stairs down to The Gnomish Mines.
 The Gnomish Mines: levels 3 to 7
    Level 3:
    Level 4:
    Level 5:
    Level 6:
    Level 7: <- You were here.
       Final resting place for
          you, killed by a gnome king, while frozen by a potion.


Vanquished creatures:
  a leprechaun
  2 Mordor orcs
  a gnome leader
  a floating eye
  a kitten
  2 dwarves
  6 hill orcs
  a rothe
  a wererat
 an orc
  a giant rat
  a yellow mold
 22 gnomes
  3 Keystone Kops
  a gnome zombie
  a jackal
  2 foxes
  2 goblins
  2 sewer rats
  2 grid bugs
  2 lichens
  a kobold zombie
  2 newts
59 creatures vanquished.

No species were genocided or became extinct.

Game over:
                       ----------
                      /          \
                     /    REST    \
                    /      IN      \
                   /     PEACE      \
                  /                  \
                  |      Brudee      |
                  |      233 Au      |
                  |   killed by a    |
                  |    gnome king    |
                  |                  |
                  |                  |
                  |       2026       |
                 *|     *  *  *      | *
        _________)/\\_//(\/(/\)/\//\/|_)_______

Goodbye Brudee the Monk...

You died in The Gnomish Mines on dungeon level 7 with 1814 points,
and 233 pieces of gold, after 1465 moves.
You were level 5 with a maximum of 39 hit points when you died.

